 Dungeon Crawl Stone Soup version 0.19.0-20-gbc5f0c6 (webtiles) character file.

58 smedtjen the Firebug (level 3, 0/29 HPs)
             Began as a Demigod Fire Elementalist on Nov 17, 2016.
             Slain by Frank's ghost (6 damage)
             ... on level 3 of the Dungeon.
             The game lasted 00:27:33 (3578 turns).

smedtjen the Firebug (Demigod Fire Elementalist)    Turns: 3578, Time: 00:27:34

Health: 0/29       AC:  6    Str: 11    XL:     3   Next: 52%
Magic:  1/8        EV:  9    Int: 21    God:
Gold:   96         SH:  0    Dex: 16    Spells: 1 memorised, 5 levels left

rFire  . . .     SeeInvis .     p - +0 spear
rCold  . . .     Gourm    .     h - +0 scale mail
rNeg   . . .     Faith    .     (no shield)
rPois  .         Spirit   .     (no helmet)
rElec  .         Reflect  .     (no cloak)
rCorr  .         Harm     .     (no gloves)
MR     .....                    (no boots)
Stlth  +.........               (no amulet)
                                (no ring)
                                (no ring)

@: very slightly contaminated
A: high mp 1, robust 1
a: no special abilities


You were on level 3 of the Dungeon.
You were hungry.

You visited 1 branch of the dungeon, and saw 3 of its levels.

You collected 96 gold pieces.

Inventory:

Hand Weapons
 e - a +0 hand axe
 k - a -1 dagger
 p - a +0 spear (weapon)
Missiles
 d - 21 arrows
 f - 26 sling bullets
 i - 43 stones (quivered)
 t - 41 bolts
Armour
 a - a +0 robe
 g - a +0 ring mail
 h - a +0 scale mail (worn)
 r - a cursed +0 chain mail
 u - a +0 plate armour
Jewellery
 l - an uncursed amulet of inaccuracy
Scrolls
 j - a scroll of identify
Potions
 m - a potion of might {unknown}
 o - a potion of heal wounds {unknown}
Books
 b - a book of Flames

   Spells                             Type                      Level
   a - Flame Tongue                   Conjuration/Fire             1
   b - Throw Flame                    Conjuration/Fire             2
   c - Conjure Flame                  Conjuration/Fire             3
   d - Inner Flame                    Hexes/Fire                   3
   e - Sticky Flame                   Conjuration/Fire             4
   f - Fireball                       Conjuration/Fire             5
Comestibles
 c - a bread ration


   Skills:
 + Level 0.5 Fighting
 + Level 0.8 Axes
 + Level 0.8 Armour
 + Level 2.0 Dodging
 + Level 1.8 Stealth
 + Level 2.1 Spellcasting
 + Level 1.0 Conjurations
 + Level 3.3 Fire Magic


You had 5 spell levels left.
You knew the following spells:

 Your Spells              Type           Power        Failure   Level  Hunger
a - Flame Tongue          Conj/Fire      ##...        38%         1    #......


Dungeon Overview and Level Annotations

Branches:
Dungeon (3/15)

Annotations:
D:3 Frank's ghost, amateur GrGl


Innate Abilities, Weirdness & Mutations

You have an increased reservoir of magic. (+10% MP)
You are robust. (+10% HP)


Message History

Aiming: Flame Tongue
Press: ? - help, Shift-Dir - straight line, f/p - Frank's ghost
Aim: Frank's ghost (lightly damaged)
The flame tongue misses Frank's ghost.
The flame tongue hits the hobgoblin.
You kill the hobgoblin!
Frank's ghost closely misses you.
Casting: Flame Tongue
Confirm with . or Enter, or press ? or * to list all spells.
Aiming: Flame Tongue
Press: ? - help, Shift-Dir - straight line, f/p - Frank's ghost
Aim: Frank's ghost (lightly damaged)
You miscast Flame Tongue.
Wisps of smoke drift from your hands. Frank's ghost hits you.
Frank's ghost crushes a nearby insect and laughs.
Frank's ghost hits you!
* * * LOW HITPOINT WARNING * * *
You hit Frank's ghost but do no damage.
Frank's ghost is lightly damaged.
Frank's ghost hits you.
You die...

....# ##
#....# ...
.....# #.#
..... #..#
...#
...####(.#
#.#...).# #
#..W###?# ..#
###@....#
....#
####..####
8.....##....##
#..<.....##
####..##..#
#.####...# #.#
#....# #.#
...## ... ##.#


You could see Frank's ghost.

Vanquished Creatures
  An adder (D:3)
  An ooze (D:3)
  A dart slug (D:2)
  2 leopard geckos
  A giant cockroach (D:1)
  3 goblins
  6 hobgoblins
  6 jackals (D:2)
  5 kobolds
  A quokka (D:3)
  7 bats
  3 frilled lizards
  2 rats
39 creatures vanquished.

Notes
Turn   | Place    | Note
-------+----------+-------------------------------------------
     0 | D:1      | smedtjen the Demigod Fire Elementalist began the quest for the Orb.
     0 | D:1      | Reached XP level 1. HP: 14/14 MP: 5/5
   770 | D:1      | Gained mutation: You are robust. (+10% HP) [potion of mutation]
   770 | D:1      | Gained mutation: Your mind is acute. (Int +2) [potion of mutation]
   770 | D:1      | Lost mutation: Your mind is acute. (Int +2) [potion of mutation]
   805 | D:1      | Reached skill level 3 in Fire Magic
   844 | D:1      | Reached XP level 2. HP: 21/22 MP: 7/7
  1403 | D:2      | Reached skill level 1 in Conjurations
  1937 | D:2      | Reached XP level 3. HP: 20/29 MP: 3/8
  3563 | D:3      | Noticed Frank's ghost (amateur GrGl)
  3578 | D:3      | Slain by Frank's ghost

Skill      XL: |  1  2 |
---------------+-------+-----
Fire Magic     | 3 |  3.3
Conjurations   | 1 |  1.0
Dodging        | 2 |  2.0
Spellcasting   | 2 |  2.1
Fighting       | |  0.5
Axes           | |  0.8
Armour         | |  0.8
Stealth        | |  1.8

Action                   || total
-------------------------++-------
Melee: Dagger            ||   107
       Hand axe          ||    18
       Spear             ||    16
 Cast: Flame Tongue      ||    46
  Use: Potion            ||     2
       Scroll            ||     5
  Eat: Beef jerky        ||     2
       Bread ration      ||     1
       Chunk             ||     1
Armor: Robe              ||    13
       Scale mail        ||    59
Dodge: Dodged            ||   123
